 Dungeon Crawl Stone Soup version 0.27-a0-1381-g81fdcbfb23 (webtiles) character file.

Game seed: 3479901124386035186

781 Nattfarinn the Stinger (level 7, -5/66 HPs)
             Began as a Gargoyle Venom Mage on June 29, 2021.
             Slain by an ogre (16 damage)
             ... on level 5 of the Dungeon.
             The game lasted 00:10:23 (6803 turns).

Nattfarinn the Stinger (Gargoyle Venom Mage)        Turns: 6803, Time: 00:10:23

Health: -5/66      AC: 23    Str: 11    XL:     7   Next: 85%
Magic:  11/11      EV:  2    Int: 18    God:
Gold:   252        SH:  0    Dex: 10    Spells: 4/11 levels left

rFire    . . .     SeeInvis .   s - +5 flail (venom)
rCold    . . .     Faith    .   (no shield)
rNeg     + + +     Spirit   .   (armour currently unavailable)
rPois    ∞         Reflect  .   (helmet currently unavailable)
rElec    .         Harm     .   (cloak currently unavailable)
rCorr    .         Rampage  .   (gloves currently unavailable)
Will     .....     NoTele   +   (boots currently unavailable)
Stlth    ++........             (no amulet)
HPRegen  0.21/turn              (no ring)
MPRegen  0.12/turn              (no ring)

@: tree-form, attractive
A: stationary, stasis, torment immunity, boosted hp, sickness immunity, AC +4,
negative energy resistance 1, (electricity resistance), torment resistance 1,
petrification resistance
a: no special abilities


You were on level 5 of the Dungeon.
You were a tree.
You visited 1 branch of the dungeon, and saw 5 of its levels.
You also visited: Sewer.

You collected 308 gold pieces.
You spent 56 gold pieces at shops.

Inventory:

Hand Weapons
 f - a +2 dagger of venom
 s - a +5 flail of venom (weapon)
Missiles
 d - 4 silver javelins
Armour
 a - a +0 robe (melded)
 c - a +0 pair of gloves (melded)
 t - a +1 scale mail of fire resistance
Wands
 m - a wand of polymorph (5)
 n - a wand of flame (26)
 r - a wand of mindburst (10)
Scrolls
 g - 2 scrolls of amnesia
 h - a scroll of immolation
 l - 3 scrolls of teleportation
 p - a scroll of identify
 q - a scroll of magic mapping
Potions
 b - 3 potions of curing
 e - a potion of lignification
 i - a potion of brilliance
 k - 6 potions of flight


   Skills:
 + Level 5.0 Fighting
 + Level 1.2 Maces & Flails
 - Level 1.5 Dodging
 - Level 2.1 Stealth
 * Level 2.8 Spellcasting
 - Level 0.7 Transmutations
 - Level 7.1 Poison Magic


You had 4 spell levels left.
You knew the following spells:

 Your Spells              Type           Power      Damage    Failure   Level
a - Sting                 Tmut/Pois      64%        1d6       3%          1
b - Poisonous Vapours     Pois/Air       30%        N/A       6%          2
c - Olgreb's Toxic Radia  Pois           28%        N/A       9%          4

Your spell library contained the following spells:

 Spells                   Type           Power      Damage    Failure   Level
 Animate Skeleton         Necr           4%         N/A       17%         1
 Corona                   Hex            2%         N/A       17%         1
 Pain                     Necr           8%         1d4       17%         1
 Ignite Poison            Fire/Tmut/Pois 11%        N/A       17%         3
 Mephitic Cloud           Conj/Pois/Air  11%        N/A       19%         3
 Ensorcelled Hibernation  Hex/Ice        4%         N/A       26%         2
 Confusing Touch          Hex            2%         N/A       45%         3
 Dazzling Flash           Conj/Hex       4%         N/A       45%         3
 Tukima's Dance           Hex            2%         N/A       45%         3
 Vampiric Draining        Necr           1%         2d6       45%         3
 Animate Dead             Necr           1%         N/A       86%         4
 Agony                    Necr           2%         N/A       99%         5


Dungeon Overview and Level Annotations

Branches:
Dungeon (5/15)              Sewer (visited)
 Temple: D:4-7

Altars:
Gozag
Okawaru
Ru
Beogh

Shops:
D:4 *:

Annotations:
D:4 3 runed translucent doors, fly's ghost, novice HuDe
D:5 Menkaure


Innate Abilities, Weirdness & Mutations

You are a tree.
Your roots penetrate the ground, keeping you stationary.
You cannot be teleported.
You are immune to unholy pain and torment.
Your maximum health is greatly increased.
Your equipment is partially melded.
You are immune to sickness and miasma.
((Your stone body is resilient. (AC +4)))
You are immune to poison.
You resist negative energy. (rN+)
((You are resistant to electric shocks. (rElec)))
You are resistant to unholy torment.
You are immune to petrification.


Message History

You sock the ufetubus!
You kill the ufetubus!
The centaur unwields a +0 shortbow.
The centaur hits you. The centaur completely misses you.
You sock the centaur!
The centaur is heavily wounded.
The centaur barely misses you. The centaur kicks you.
You hit the centaur but do no damage.
The centaur is poisoned.
The centaur is heavily wounded.
The centaur hits you but does no damage.
The centaur kicks you but does no damage.
The centaur hits you.
* * * LOW HITPOINT WARNING * * *
The centaur closely misses you.
It was a potion of attraction.
You feel attractive to monsters. The centaur hits you.
* * * LOW HITPOINT WARNING * * *
The centaur barely misses you. x2; The centaur closely misses you.
As you read the scroll of fear, it crumbles to dust.
You assume a fearsome visage.
The ogre easily resists.
The centaur looks frightened!
The ogre is pulled toward you!
Okay, then.
Really quaff the potion of lignification?
You turn into a tree.
Your +0 pair of gloves melds into your body.
Your +0 robe melds into your body.
Your roots penetrate the ground.
The ogre hits you with a +0 giant club.
* * * LOW HITPOINT WARNING * * *
The centaur is pulled toward you!
You sock the ogre!
The ogre is moderately wounded.
The ogre hits you but does no damage. The centaur is pulled toward you!
You barely miss the ogre.
The ogre is moderately wounded.
The ogre hits you with a +0 giant club.
* * * LOW HITPOINT WARNING * * *
The centaur is pulled toward you!
You feel better. The ogre hits you with a +0 giant club!
You die...

# ###+# #.##### #...
#......##.####### #..
........O♣......# ....# #
#......c##.####.". #...#
..# ........##.######
###.#.# ..#
##......#.......###.#...#
..#
##...8.###.........#.#.##
..# #.._..#
#.###.###.#.#..# ###
#...8.# #.###.###.#.#..#
#.#...# #.............>#
..##### #.........#)....


You could see an ogre and a centaur (fleeing, poisoned).

Vanquished Creatures
  Edmund (D:4)
  A sky beast (D:5)
  A black bear (D:4)
  A scorpion (D:4)
  2 hounds (D:4)
  3 iguanas
  A merfolk siren (Sewer)
  An orc wizard (D:4)
  A merfolk avatar (Sewer)
  A howler monkey zombie (D:5)
  4 gnolls (D:3)
  A river rat (Sewer)
  5 adders
  An ufetubus (D:5)
  A worm (D:2)
  2 dart slugs (D:2)
  4 orcs (D:4)
  6 ball pythons
  4 bats
  7 endoplasms
  7 giant cockroaches
  8 hobgoblins
  11 quokkas
  4 frilled lizards
  6 goblins
  10 kobolds
  26 rats
120 creatures vanquished.

Notes
Turn   | Place    | Note
-------+----------+-------------------------------------------
     0 | D:1      | Nattfarinn the Gargoyle Venom Mage began the quest for the
                  | Orb.
     0 | D:1      | Reached XP level 1. HP: 10/10 MP: 3/3
   594 | D:1      | Reached XP level 2. HP: 16/16 MP: 1/5
   868 | D:2      | Reached skill level 1 in Fighting
  1004 | D:2      | Reached XP level 3. HP: 14/20 MP: 1/6
  1120 | D:2      | Reached skill level 4 in Poison Magic
  1199 | D:2      | Learned a level 2 spell: Poisonous Vapours
  1527 | D:2      | Found a faded altar of an unknown god.
  1699 | D:2      | Reached XP level 4. HP: 21/26 MP: 3/7
  2634 | D:3      | Found a glowing drain.
  2638 | D:3      | Reached XP level 5. HP: 31/31 MP: 8/8
  2660 | Sewer    | Entered a sewer
  2774 | Sewer    | Reached skill level 5 in Poison Magic
  3326 | Sewer    | Noticed a malarious merfolk avatar
  3337 | Sewer    | Killed a malarious merfolk avatar
  3338 | Sewer    | Reached XP level 6. HP: 35/37 MP: 1/9
  4421 | D:3      | Learned a level 4 spell: Olgreb's Toxic Radiance
  4523 | D:4      | Noticed a black bear
  4549 | D:4      | Reached skill level 6 in Poison Magic
  4560 | D:4      | Killed a black bear
  4719 | D:4      | Found an iron altar of Okawaru.
  4863 | D:4      | Found Loskefre's General Store.
  4870 | D:4      | Bought a scroll of identify for 28 gold pieces
  4870 | D:4      | Bought a scroll of identify for 28 gold pieces
  4990 | D:4      | Reached XP level 7. HP: 39/43 MP: 2/10
  5241 | D:4      | Found a runed translucent gate.
  5241 | D:4      | Found a runed translucent gate.
  5241 | D:4      | Found a runed translucent gate.
  5450 | D:4      | Found Lureth's Book Boutique.
  5574 | D:4      | Noticed Edmund
  5614 | D:4      | Killed Edmund
  5615 | D:4      | Reached skill level 7 in Poison Magic
  6014 | D:4      | Noticed fly's ghost (novice HuDe)
  6053 | D:5      | Entered Level 5 of the Dungeon
  6166 | D:5      | Noticed Menkaure
  6443 | D:5      | Reached skill level 1 in Maces & Flails
  6672 | D:5      | Reached skill level 5 in Fighting
  6707 | D:5      | Found a sacrificial altar of Ru.
  6786 | D:5      | Found an opulent altar of Gozag.
  6803 | D:5      | Slain by an ogre

Illustrated notes

Levels and vault maps discovered:
D:1:      minmay_arrival_plants_in_alcoves, layout_loops_ring
D:2:      layout_basic, shapermc_ecumenical_altar_venn, serial_glass,
          glass_columns_a, glass_columns_c, glass_columns_a, glass_columns_c,
          glass_columns_a
D:3:      layout_basic, gup_sewer_entry_pipe
D:4:      layout_basic, lemuel_crystal_altar, serial_shops, shop,
          kennysheep_mini, biasface_ghost_orc_armoury, uniq_edmund
D:5:      minmay_spotlight, layout_basic, marbit_many_paths, tgw_sif,
          hangedman_feature_mirror, minivault_26, kennysheep_generic_room_12,
          uniq_menkaure

Skill      XL: |  1  2  3  4  5  6  7 |
---------------+----------------------+-----
Fighting       | 1 2 3 4 5 |  5.0
Poison Magic   | 4 5 6 7 |  7.1
Maces & Flails | 1 |  1.2
Dodging        | |  1.5
Stealth        | |  2.1
Spellcasting   | |  2.8
Transmutations | |  0.7

Action                   |  1- 3 |  4- 6 |  7- 9 || total
-------------------------+-------+-------+-------++-------
Melee: Unarmed           |    19 |       |       ||    19
       Dagger            |     7 |    74 |    21 ||   102
       Flail             |       |       |    26 ||    26
 Cast: Sting             |    61 |   130 |    30 ||   221
       Poisonous Vapours |       |       |     3 ||     3
  Use: Scroll            |       |     8 |     3 ||    11
       Potion            |       |       |     3 ||     3
 Stab: Distracted        |     1 |       |       ||     1
Armor: Robe              |    19 |    45 |    16 ||    80
       Skin              |       |       |     1 ||     1
Dodge: Dodged            |    27 |    78 |    48 ||   153

Table legend: (Time is in decaauts)
 A = Elapsed time spent in this place.
 B = Non-inter-level travel time spent in this place.
 C = Inter-level travel time spent in this place.
 D = Time resting spent in this place.
 E = Time spent auto-exploring this place.
 F = Levels seen in this place.
 G = Mean time per level.
                   A        B        C        D        E       F      G
               +--------+--------+--------+--------+--------+-----+--------+
         Total |   6873 |   6430 |    443 |    429 |   5127 |   6 | 1145.5 |
       Dungeon |   5927 |   5484 |    443 |    429 |   4418 |   5 | 1185.4 |
         Sewer |    945 |    945 |      0 |      0 |    709 |   1 |  945.0 |
               +--------+--------+--------+--------+--------+-----+--------+

Top non-repeatable levels by time:
     D:4: 1868 daAuts
     D:2: 1407 daAuts
     D:3: 1303 daAuts
   Sewer: 945 daAuts
     D:1: 845 daAuts
     D:5: 503 daAuts
